 Dungeon Crawl Stone Soup version 0.29.1-13-g9f3cf754e1 (webtiles) character file.

Game seed: 15116720385727568004

161 croobank the Conjurer (level 5, -4/37 HPs)
             Began as a Demonspawn Conjurer on Feb 3, 2023.
             Slain by Duvessa
             ... wielding a +0 short sword
              (10 damage)
             ... on level 4 of the Dungeon.
             The game lasted 00:09:57 (3700 turns).

croobank the Conjurer (Demonspawn Conjurer)         Turns: 3700, Time: 00:09:58

Health: -4/37      AC:  0    Str:  7    XL:     5   Next: 18%
Magic:  8/8        EV: 14    Int: 22    God:
Gold:   168        SH:  0    Dex: 11    Spells: 2/9 levels left

rFire   . . .      SeeInvis .   (weapon currently unavailable)
rCold   . . .      Faith    .   (shield currently unavailable)
rNeg    . . .      Spirit   .   (body armour currently unavailable)
rPois   .          Reflect  .   (helmet currently unavailable)
rElec   .          Harm     .   (cloak currently unavailable)
rCorr   .          Rampage  .   (gloves currently unavailable)
Will    .....                   (boots currently unavailable)
Stlth   ++........              (no amulet)
HPRegen 0.12/turn               (ring currently unavailable)
MPRegen 0.11/turn               (ring currently unavailable)

@: about to teleport, pig-form, very quick
A: fast, no casting, small, powered by pain 1, (sturdy frame 2)
a: no special abilities


You were on level 4 of the Dungeon.
You were a filthy swine.
You visited 1 branch of the dungeon, and saw 4 of its levels.

You collected 168 gold pieces.

Inventory:

Hand Weapons
 b - a +0 short sword (melded)
 p - a +0 flail
Missiles
 d - a throwing net (quivered)
 i - 4 javelins
 o - 2 silver javelins
Armour
 a - a +0 robe (melded)
 j - a +0 pair of gloves (melded)
Jewellery
 c - a +6 ring of dexterity (melded)
Scrolls
 h - a scroll of enchant armour {unknown}
 l - 3 scrolls of fog {unknown}
 r - a scroll of identify
Potions
 e - 2 potions of curing {unknown}
 f - a potion of might {unknown}
 k - a potion of flight {unknown}
 m - a potion of attraction {unknown}
 n - a potion of invisibility {unknown}
 q - a potion of heal wounds {unknown}


   Skills:
 + Level 1.5 Fighting
 + Level 2.5 Dodging
 + Level 2.7 Stealth
 + Level 2.6 Spellcasting
 + Level 4.5 Conjurations
 + Level 1.2 Hexes
 + Level 1.0 Summonings


You had 2 spell levels left.
You knew the following spells:

 Your Spells              Type           Power      Damage    Failure   Level
a - Magic Dart            Conj           88%        1d7       1%          1
b - Searing Ray           Conj           44%        2d6       3%          2
c - Dazzling Flash        Conj/Hex       30%        N/A       12%         3
d - Summon Small Mammal   Summ           28%        N/A       9%          1

Your spell library contained the following spells:

 Spells                   Type           Power      Damage    Failure   Level
 Stone Arrow              Conj/Erth      24%        3d8       16%         3
 Summon Guardian Golem    Hex/Summ       7%         N/A       24%         3
 Call Canine Familiar     Summ           7%         N/A       26%         3
 Fulminant Prism          Conj/Hex       7%         3d7       36%         4
 Iskenderun's Mystic Bla  Conj/Tloc      12%        2d5       45%         4
 Animate Armour           Summ/Erth      10%        N/A       71%         4
 Lehudib's Crystal Spear  Conj/Erth      6%         10d3      100%        8


Dungeon Overview and Level Annotations

Branches:
Dungeon (4/15)
 Temple: D:4-7

Altars:

Annotations:
D:4 Dowan, Duvessa


Innate Abilities, Weirdness & Mutations

You are a filthy swine.
You move quickly.
Your equipment is almost entirely melded.
You are incapable of wielding weapons or throwing items.
You cannot cast spells.
You sometimes gain a little power by taking damage.
((Your movements are less encumbered by armour. (ER -4)))


Message History

A goblin comes into view. It is wielding a +0 sling.
Casting: Searing Ray (safe; 3% risk of failure)
Confirm with . or Enter, or press ? or * to list all spells.
Aiming: Searing Ray (safe; 3% risk of failure)
Press: ? - help, Shift-Dir - straight line, f - goblin
Aim: a goblin, wielding a +0 sling (wandering, hasn't noticed you, 72% to hit)
The searing ray hits the goblin.
You kill the goblin! (Press . to maintain the ray.) Duvessa, Sister of Dowan comes into view.
She is wielding a +0 short sword.
Dowan, Brother of Duvessa comes into view.
He is wielding a +2 dagger of freezing and carrying a wand of polymorph (12).
Found 6 gold pieces.
Dowan shouts!
Duvessa shouts!
Duvessa closely misses you. Dowan hits you but does no damage.
You closely miss Duvessa.
Dowan zaps a wand.
You turn into a filthy swine.
Your +0 short sword melds into your body.
Your +0 pair of gloves melds into your body.
Your +0 robe melds into your body.
Your +6 ring of dexterity melds into your body.
You feel clumsy. Duvessa hits you with a +0 short sword!
You can't do that in your present form.
Dowan closely misses you. Duvessa misses you.
You completely miss Duvessa. Duvessa hits you with a +0 short sword.
Dowan gestures at Duvessa while chanting.
Duvessa seems to speed up.
You closely miss Duvessa. Duvessa closely misses you. Dowan closely misses you.
You hit Duvessa but do no damage. Duvessa misses you. Dowan barely misses you.
Duvessa hits you with a +0 short sword!
You hit Duvessa.
Duvessa is lightly wounded.
Duvessa hits you with a +0 short sword!
* * * LOW HITPOINT WARNING * * *
Dowan misses you.
Okay, then.
You can't do that in your present form.
Unknown command.
As you read the scroll of teleportation, it crumbles to dust.
You feel strangely unstable. Duvessa hits you with a +0 short sword!
You die...

.# .# ###
#######... #.#
#...)....
#.######.### .#
#..........# #.#
#....###.#.##e.#
####.##.....he#
#.##..##.###
#.##..##.#
#.<#..##.#
####.....#
..>#### ###.#


You could see Duvessa (fast) and Dowan.

Vanquished Creatures
  An orc priest (D:3)
  An orc wizard (D:3)
  4 adders
  An ufetubus (D:3)
  A dart slug (D:1)
  2 orcs (D:3)
  4 endoplasms
  3 giant cockroaches
  5 goblins
  9 hobgoblins
  3 ball pythons
  8 bats
  6 frilled lizards
  6 kobolds
  9 rats
63 creatures vanquished.

Vanquished Creatures (collateral kills)
  An endoplasm (D:3)
1 creature vanquished.

Vanquished Creatures (others)
  A fungus (D:1)
  8 plants (D:1)
9 creatures vanquished.

Grand Total: 73 creatures vanquished

Notes
Turn   | Place    | Note
-------+----------+-------------------------------------------
     0 | D:1      | croobank the Demonspawn Conjurer began the quest for the
                  | Orb.
     0 | D:1      | Reached XP level 1. HP: 13/13 MP: 3/3
   477 | D:1      | Gained mutation: Your movements are slightly less
                  | encumbered by armour. (ER -2) [demonic ancestry]
   477 | D:1      | Reached XP level 2. HP: 19/19 MP: 0/5
   532 | D:1      | Learned a level 2 spell: Searing Ray
  1059 | D:1      | Found a faded altar of an unknown god.
  1176 | D:1      | Reached XP level 3. HP: 25/25 MP: 0/6
  1467 | D:1      | Learned a level 3 spell: Dazzling Flash
  2180 | D:2      | Reached skill level 1 in Fighting
  2360 | D:3      | Gained mutation: You sometimes gain a little power by
                  | taking damage. [demonic ancestry]
  2360 | D:3      | Reached XP level 4. HP: 9/32 MP: 1/7
  2795 | D:3      | Reached skill level 1 in Hexes
  3005 | D:3      | Gained mutation: Your movements are less encumbered by
                  | armour. (ER -4) [demonic ancestry]
  3005 | D:3      | Reached XP level 5. HP: 37/37 MP: 2/8
  3062 | D:3      | Learned a level 1 spell: Summon Small Mammal
  3241 | D:3      | Reached skill level 1 in Summonings
  3686 | D:4      | Noticed Duvessa
  3691 | D:4      | Noticed Dowan
  3700 | D:4      | Slain by Duvessa

Illustrated notes

Levels and vault maps discovered:
D:1:      grunt_arrival_lava_bath, layout_rooms,
          shapermc_ecumenical_altar_mp_ritualfount
D:2:      layout_rooms
D:3:      layout_basic
D:4:      layout_basic, minmay_temple_entry_enclosed_plants, uniq_duvessa

Skill      XL: |  1  2  3  4  5 |
---------------+----------------+-----
Stealth        | 2 |  2.7
Dodging        | 2 |  2.5
Fighting       | 1 |  1.5
Hexes          | 1 |  1.2
Summonings     | 1 |  1.0
Spellcasting   | |  2.6
Conjurations   | |  4.5

Action                   |  1- 3 |  4- 6 || total
-------------------------+-------+-------++-------
Melee: Unarmed           |    12 |     4 ||    16
       Short sword       |     4 |    40 ||    44
       Punch             |       |     2 ||     2
Throw: Throwing net      |       |     4 ||     4
 Cast: Magic Dart        |    59 |     6 ||    65
       Searing Ray       |    12 |    11 ||    23
       Summon Small Mamm |       |     9 ||     9
  Use: Scroll            |     2 |     1 ||     3
       Potion            |     1 |       ||     1
 Stab: Sleeping          |     2 |       ||     2
       Held in net/web   |       |     1 ||     1
Armor: Robe              |    18 |    15 ||    33
Dodge: Dodged            |    40 |    45 ||    85
